AoeStats
← JAGR | STYLORD

Four Lakes

503191500Analyzed
2v2 RM · 1mo ago on Aug 30, 2026· 38m 1s· 4 players
Game mode
Random Map
Map size
Medium (4 player)
Population
200
Speed
Normal
Resources
Standard
Victory
Conquest
Starting age
Dark Age
Ending age
Imperial Age
RankedLock teamsTeams togetherTeam positionsShared explorationLock speedFull tech treeHidden civsTurbo modeCheats
Victory
Defeat
🇫🇷 Persians · France
1438
+9
🇧🇷 Bengalis · Brazil
1223
+19
🇬🇧 Mongols · United Kingdom
1283
-14
🇵🇪 Italians · Peru
1283
-14
Geoff
8:22 Feudal Age
8:00 Loom
10:57 Forging
12:36 Horse Collar
17:36 Scale Barding Armor
18:31 Bloodlines
23:18 Castle Age
26:33 Double-Bit Axe
28:01 Chain Barding Armor
29:28 Husbandry
JAGR | STYLORD
7:54 Loom
10:54 Feudal Age
16:22 Double-Bit Axe
21:38 Castle Age
20:04 Stone Mining
20:09 Fletching
20:35 Fishing Lines
21:08 Horse Collar
24:07 Town Watch
25:17 Bow Saw
27:01 Gillnets
28:16 Bodkin Arrow
31:17 Imperial Age
29:37 Scale Mail Armor
29:48 Forging
30:08 Squires
30:42 Gold Mining
30:55 Bodkin Arrow
31:05 Padded Archer Armor
31:59 Chain Mail Armor
32:21 Iron Casting
31:53 Arson
33:47 Plate Mail Armor
35:32 Wheelbarrow
36:46 Bracer
37:19 Capped Ram
manjoky08
6:41 Loom
9:00 Feudal Age
10:19 Double-Bit Axe
25:50 Castle Age
24:20 Fishing Lines
24:56 Bloodlines
25:00 Forging
25:26 Horse Collar
26:34 Scale Barding Armor
27:10 Gillnets
29:04 Bow Saw
30:57 Chain Barding Armor
30:58 Husbandry
31:04 Gold Mining
35:04 Wheelbarrow
35:54 Iron Casting
38:11 Stone Mining
41:11 Imperial Age
Cristiano_Riscardo
6:36 Loom
9:56 Feudal Age
11:31 Horse Collar
11:37 Double-Bit Axe
18:02 Castle Age
16:03 Fletching
16:00 Fishing Lines
17:15 Wheelbarrow
17:45 Bloodlines
18:57 Medium Warships
20:07 Town Watch
20:50 Bodkin Arrow
20:57 Padded Archer Armor
23:07 Husbandry
24:05 Leather Archer Armor
28:49 Imperial Age
27:39 Forging
28:09 Ballistics
29:14 Bow Saw
29:47 Bracer
30:19 Ring Archer Armor
31:03 Chemistry
30:30 Conscription
30:32 Paiks
31:10 Iron Casting
32:05 Elite Ratha (Ranged)
34:13 Hand Cart
Connection lost

Rejoining the realm…

Still unreachable

The connection could not be restored.

Session expired

The server has moved on; the page needs a fresh start.